 Dungeon Crawl Stone Soup version 0.30-a0-728-gc68057be0a (webtiles) character file.

Game seed: 1748161689475950458

63 M4edhros the Insei (level 4, -4/28 HPs)
             Began as an Octopode Artificer on Jan 30, 2023.
             Slain by a mummy (18 damage)
             ... in an ossuary.
             The game lasted 00:01:19 (781 turns).

M4edhros the Insei (Octopode Artificer)              Turns: 781, Time: 00:01:20

Health: -4/28      AC:  1    Str: 11    XL:     4   Next: 10%
Magic:  4/4        EV: 13    Int: 13    God:
Gold:   31         SH:  0    Dex: 14    Spells: 3/3 levels left

rFire   . . .      SeeInvis .      - Unarmed
rCold   . . .      Faith    .    (no shield)
rNeg    . . .      Spirit   .    (helmet restricted)
rPois   .          Reflect  .    (no amulet)
rElec   .          Harm     .    (no ring)
rCorr   .          Rampage  .    (no ring)
Will    .....                    (no ring)
Stlth   +++                      (no ring)
HPRegen 0.24/turn                (no ring)
MPRegen 0.09/turn                (no ring)
                                 (no ring)
                                 (no ring)

@: marked
A: almost no armour, amphibious, 8 rings, camouflage 1, gelatinous body 1,
(nimble swimmer 1), tentacles
a: no special abilities


You were in an ossuary.
You visited 1 branch of the dungeon, and saw 4 of its levels.
You also visited: Ossuary.

You collected 31 gold pieces.

Inventory:

Jewellery
 e - a ring of ice
Wands
 b - a wand of flame (12) (quivered)
 c - a wand of charming (12)
 d - a wand of iceblast (5)
Potions
 a - a potion of degeneration {unknown}
 f - a potion of mutation {unknown}
 g - a potion of flight {unknown}


   Skills:
 - Level 1.0 Fighting
 - Level 2.3 Dodging
 - Level 1.3 Stealth
 + Level 3.6 Unarmed Combat
 - Level 3.2 Evocations


You had 3 spell levels left.
You didn't know any spells.
Your spell library contained the following spells:

 Spells                   Type           Power      Damage    Failure   Level
 Magic Dart               Conj           0%         1d3       30%         1
 Call Imp                 Summ           0%         N/A       43%         2
 Mephitic Cloud           Conj/Pois/Air  0%         N/A       67%         3
 Borgnjor's Revivificati  Necr           0%         N/A       100%        8
 Necromutation            Tmut/Necr      0%         N/A       100%        8
 Death's Door             Necr           0%         N/A       100%        9


Dungeon Overview and Level Annotations

Branches:
Dungeon (5/15)            Ossuary (1/1)
 Temple: D:4-7

Altars:


Innate Abilities, Weirdness & Mutations

You cannot wear most types of armour.
You are amphibious.
You can wear up to eight rings at the same time.
Your skin changes colour to match your surroundings (Stealth+).
Your rubbery body absorbs attacks. (AC +1, EV +1)
((You are camouflaged when in or above water. (Stealth+)))
You have tentacles for arms and can constrict up to eight enemies at once.


Message History

Your tentacle-slap misses the goblin zombie.
You squeeze the goblin zombie.
The goblin zombie is heavily damaged.
The jackal zombie barely misses you. The goblin zombie barely misses you.
You closely miss the goblin zombie. You grab the goblin zombie.
The goblin zombie is heavily damaged.
You constrict the goblin zombie. The jackal zombie closely misses you.
A mummy comes into view.
You tentacle-slap the goblin zombie.
You destroy the goblin zombie!
The jackal zombie barely misses you. The jackal zombie closely misses you.
You barely miss the kobold zombie. You grab the kobold zombie.
You constrict the kobold zombie. The kobold zombie barely misses you.
The jackal zombie completely misses you.
You tentacle-slap the kobold zombie.
The kobold zombie is almost destroyed.
You constrict the kobold zombie.
You destroy the kobold zombie!
The jackal zombie barely misses you.
You barely miss the jackal zombie. You grab the jackal zombie.
You constrict the jackal zombie. The jackal zombie misses you.
You tentacle-slap the jackal zombie. x2; You squeeze the jackal zombie.
You destroy the jackal zombie!
You tentacle-slap the mummy. You grab the mummy.
The mummy is moderately damaged.
You constrict the mummy.
You tentacle-slap the mummy but do no damage.
The mummy is moderately damaged.
You constrict the mummy. The mummy misses you. The mummy closely misses you.
You tentacle-slap the mummy.
The mummy is severely damaged.
You constrict the mummy.
You tentacle-slap the mummy but do no damage.
You squeeze the mummy, but do no damage.
The mummy is severely damaged.
You constrict the mummy. The mummy hits you!
Ouch! That really hurt!
The mummy hits you!!
Ouch! That really hurt!
You die...

######################
#....................#
#....................#
#........8..8........#
#....................#
#...######^.######...#
#...# #^@# #...# #...#
#MM# #...# #...# #ZZ#
#...# #...# ...ZZ
#...# #...# ......##
#...# #...#.......#
#...# #...#.......#
#...# #...#.....∩.#
#...# #...####+....
#...#


You could see 2 mummies, an adder zombie, a goblin zombie, a hobgoblin zombie
and a human zombie.

Vanquished Creatures
  A mummy (D:5)
  An adder (D:2)
  2 ball pythons (D:1)
  3 endoplasms
  4 goblins
  A hobgoblin (D:2)
  2 quokkas (D:1)
  2 bats (D:1)
  A frilled lizard (D:1)
  A goblin zombie (Ossuary)
  7 hobgoblin zombies (Ossuary)
  A jackal zombie (Ossuary)
  10 kobold zombies (Ossuary)
  7 orc zombies (Ossuary)
  2 rats (D:1)
  A rat zombie (Ossuary)
46 creatures vanquished.

Vanquished Creatures (others)
  A ball python (D:2)
1 creature vanquished.

Grand Total: 47 creatures vanquished

Notes
Turn   | Place    | Note
-------+----------+-------------------------------------------
     0 | D:1      | M4edhros the Octopode Artificer began the quest for the
                  | Orb.
     0 | D:1      | Reached XP level 1. HP: 13/13 MP: 1/1
   111 | D:1      | Reached skill level 1 in Unarmed Combat
   253 | D:1      | Reached XP level 2. HP: 18/18 MP: 2/2
   522 | D:2      | Reached XP level 3. HP: 13/23 MP: 3/3
   616 | D:3      | You fall into a shaft and drop 2 floors!
   616 | D:5      | Entered Level 5 of the Dungeon
   630 | D:5      | Found a sand-covered staircase.
   652 | Ossuary  | Entered an ossuary
   732 | Ossuary  | Reached XP level 4. HP: 28/28 MP: 4/4
   781 | Ossuary  | Slain by a mummy

Illustrated notes

Levels and vault maps discovered:
D:1:      saegor_arrival_simple_b, layout_loops_corners
D:2:      layout_loops_ring
D:3:      layout_basic, mainiacjoe_overflow_catwalk, lemuel_blue_sif_altar,
          gammafunk_ghost_smash
D:5:      layout_loops_ring, makhleb_blood_cavern_becter,
          gup_ossuary_entry_pyramid
Ossuary:  ossuary_tomb_1

Skill      XL: |  1  2  3 |
---------------+----------+-----
Unarmed Combat | 1 2 3 |  3.6
Fighting       | |  1.0
Dodging        | |  2.3
Stealth        | |  1.3
Evocations     | |  3.2

Action                     |  1- 3 |  4- 6 || total
---------------------------+-------+-------++-------
  Melee: Unarmed           |    75 |    21 ||    96
         Constrict         |    21 |     9 ||    30
         Tentacles         |    17 |     8 ||    25
         Punch             |     2 |     1 ||     3
  Evoke: Wand              |     6 |       ||     6
    Use: Scroll            |     1 |       ||     1
   Stab: Sleeping          |    11 |       ||    11
 Armour: Skin              |     6 |       ||     6
  Dodge: Dodged            |    38 |    17 ||    55

Table legend: (Time is in decaauts)
 A = Elapsed time spent in this place.
 B = Non-inter-level travel time spent in this place.
 C = Inter-level travel time spent in this place.
 D = Time resting spent in this place.
 E = Time spent auto-exploring this place.
 F = Levels seen in this place.
 G = Mean time per level.
                   A        B        C        D        E       F      G
               +--------+--------+--------+--------+--------+-----+--------+
         Total |    775 |    760 |     15 |     67 |    418 |   5 |  155.0 |
       Dungeon |    649 |    634 |     15 |     67 |    377 |   4 |  162.2 |
       Ossuary |    125 |    125 |      0 |      0 |     41 |   1 |  125.0 |
               +--------+--------+--------+--------+--------+-----+--------+

Top non-repeatable levels by time:
     D:1: 461 daAuts
     D:2: 152 daAuts
 Ossuary: 125 daAuts
     D:5: 35 daAuts
